 Dungeon Crawl Stone Soup version 0.31-a0-152-g6aa68a64a1 (webtiles) character file.

Game seed: 8779581815563824889

91 Hajna the Sneak (level 4, -1/21 HPs)
             Began as a Spriggan Enchanter on June 11, 2023.
             Was a Believer of Fedhas.
             Slain by a gnoll
             ... wielding a +0 whip
              (8 damage)
             ... on level 3 of the Dungeon.
             The game lasted 00:12:19 (2665 turns).

Hajna the Sneak (Spriggan Enchanter)                Turns: 2665, Time: 00:12:19

Health: -1/21      AC:  4    Str:  6    XL:     4   Next: 34%
Magic:  8/10       EV: 17    Int: 16    God:    Fedhas [**....]
Gold:   141        SH:  0    Dex: 15    Spells: 7/9 levels left

rFire   . . .        a - +2 dagger
rCold   . . .        (no shield)
rNeg    . . .        h - +0 robe {Will+}
rPois   .            (helmet restricted)
rElec   .            k - +1 cloak
rCorr   .            (gloves unavailable)
SInv    +            (boots unavailable)
Will    +....        (no amulet)
Stlth   +++          (no ring)
HPRegen 0.23/turn    (no ring)
MPRegen 0.12/turn

%: no passive effects
@: very quick
A: very small, no large weapons, unfitting armour, see invisible, speed 3
a: Renounce Religion, Wall of Briars


You were on level 3 of the Dungeon.
You worshipped Fedhas.
Fedhas was pleased with you.
You visited 1 branch of the dungeon, and saw 3 of its levels.

You collected 141 gold pieces.

Inventory:

Hand Weapons
 a - a +2 dagger (weapon)
Armour
 b - a +0 robe
 h - a +0 robe of willpower (worn)
 k - a +1 cloak (worn)
Scrolls
 d - a scroll of teleportation
Potions
 c - a potion of invisibility
 e - a potion of mutation {unknown}
 f - a potion of cancellation {unknown}
 g - 3 potions of brilliance
 i - a potion of curing {unknown}


   Skills:
 + Level 0.1 Fighting
 + Level 1.4 Short Blades
 + Level 3.3 Dodging
 + Level 5.9 Stealth
 + Level 3.4 Spellcasting
 + Level 4.1 Hexes
 + Level 0.7 Ice Magic


You had 7 spell levels left.
You knew the following spells:

 Your Spells              Type           Power      Damage    Failure   Level
a - Ensorcelled Hibernat  Hex/Ice        20%        N/A       10%         2

Your spell library contained the following spells:

 Spells                   Type           Power      Damage    Failure   Level
 Confusing Touch          Hex            16%        N/A       10%         3
 Tukima's Dance           Hex            16%        N/A       10%         3
 Dazzling Flash           Conj/Hex       18%        N/A       22%         3


Dungeon Overview and Level Annotations

Branches:
Dungeon (3/15)

Altars:
Fedhas
Hepliaklqana

Shops:
D:1 !*[[?   D:2 (

Annotations:
D:3 3 runed translucent doors, Frosty's ghost, amateur BaHs; Voker57's ghost, weakling DsGl; paps's ghost, amateur OpSu; soepkip's ghost, amateur DrTm


Innate Abilities, Weirdness & Mutations

You are very small and have problems with some larger weapons.
You are too small for most types of armour.
You have supernaturally acute eyesight. (SInv)
You cover ground extremely quickly. (Speed+++)


Message History

Found 3 stones.
There is an open door here.
You see here a +0 ring mail of poison resistance.
You open the door.
Found a hazy altar of Hepliaklqana.
There is an open door here.
You open the door.
There is an open door here.
You open the door.
There is an open door here.
You open the door.
There is an open door here.
You now have 133 gold pieces (gained 11).
You open the door.
There is an open door here.
There is an open door here.
You open the door.
There is an open door here.
You now have 141 gold pieces (gained 8).
A gnoll comes into view.
It is wielding a +0 whip. 2 gnolls come into view.
The helpless gnoll fails to defend itself.
You impale the gnoll!!
You kill the gnoll!
Fedhas appreciates your contribution to the ecosystem.
Things that are here:
a +0 club; a gnoll corpse The gnoll shouts! x2
The gnoll completely misses you.
You hit the gnoll but do no damage. You barely miss the gnoll.
The gnoll completely misses you. The gnoll hits you with a +0 whip.
Things that are here:
a +0 club; a gnoll corpse The gnoll resists with significant effort.
The gnoll hits you with a +0 whip.
You hit the gnoll but do no damage. The gnoll hits you with a +0 whip.
You hit the gnoll but do no damage. The gnoll hits you with a +0 whip!
You die...
Fedhas appreciates your contribution to the ecosystem.

#.....#.#
#.......#
#.....###
#..#.##
#..#.#
#..#.#
#..#.##
#.....#
##@#.##
#g#.#
#..g..#
......#.#
####.###.#
#. #.# #.
.# #


You could see 2 gnolls.

Vanquished Creatures
  Jessica (D:3)
  A gnoll (D:3)
  A worm (D:2)
  A dart slug (D:1)
  3 bats
  5 endoplasms
  11 giant cockroaches (D:2)
  8 hobgoblins
  2 quokkas
  2 ball pythons
  5 frilled lizards
  A goblin (D:1)
  4 kobolds
  2 rats (D:1)
47 creatures vanquished.

Notes
Turn   | Place    | Note
-------+----------+-------------------------------------------
     0 | D:1      | Hajna the Spriggan Enchanter began the quest for the Orb.
     0 | D:1      | Reached XP level 1. HP: 9/9 MP: 5/5
    49 | D:1      | Found Arghou's Assorted Antiques.
   143 | D:1      | Found a faded altar of an unknown god.
   270 | D:1      | Found Xeyv's Distillery.
   385 | D:1      | Reached skill level 5 in Stealth
   385 | D:1      | Reached XP level 2. HP: 13/13 MP: 7/7
   388 | D:1      | Learned a level 2 spell: Ensorcelled Hibernation
   393 | D:1      | Prayed at the altar of an unknown god.
   393 | D:1      | Became a worshipper of Fedhas Madash
   393 | D:1      | Reached * piety under Fedhas
   505 | D:1      | Found Reju's Armour Shoppe.
   821 | D:1      | Found Eloun's Magic Scroll Shoppe.
   941 | D:1      | Found Leulez's Antique Armour Shop.
  1330 | D:2      | Reached XP level 3. HP: 12/16 MP: 1/8
  1607 | D:2      | Found Evoaril's Weapon Shop.
  1618 | D:2      | Reached ** piety under Fedhas
  2265 | D:3      | Noticed Jessica
  2296 | D:3      | Found a runed translucent gate.
  2297 | D:3      | Noticed soepkip's ghost (amateur DrTm)
  2298 | D:3      | Noticed Frosty's ghost (amateur BaHs)
  2298 | D:3      | Noticed paps's ghost (amateur OpSu)
  2299 | D:3      | Found a runed translucent gate.
  2299 | D:3      | Found a runed translucent gate.
  2299 | D:3      | Noticed Voker57's ghost (weakling DsGl)
  2464 | D:3      | Killed Jessica
  2465 | D:3      | Reached XP level 4. HP: 3/21 MP: 7/10
  2566 | D:3      | Found a hazy altar of Hepliaklqana.
  2665 | D:3      | Slain by a gnoll

Illustrated notes

Levels and vault maps discovered:
D:1:      minmay_arrival_four_loops, layout_basic, serial_shops,
          nicolae_shop_hallway_stairs, nicolae_shop_peninsula,
          nicolae_shop_scrapyard, nicolae_shop_tiny_statue_garden,
          nicolae_shop_hallway_plus, shapermc_ecumenical_altar_mp_ritualfount
D:2:      minmay_roachtagon, layout_loops_ring, serial_shops,
          nicolae_shop_bloodbath_and_beyond
D:3:      layout_loops_ring, mainiacjoe_overflow_24_doors,
          gammafunk_ghost_cemetery, uniq_terence, uniq_jessica

Skill      XL: |  1  2  3 |
---------------+----------+-----
Spellcasting   | 3 |  3.4
Stealth        | 5 |  5.9
Dodging        | 3 |  3.3
Hexes          | 4 |  4.1
Fighting       | |  0.1
Short Blades   | |  1.4
Ice Magic      | |  0.7

Action                     |  1- 3 |  4- 6 || total
---------------------------+-------+-------++-------
  Melee: Dagger            |   169 |     5 ||   174
         Punch             |     1 |       ||     1
   Cast: Ensorcelled Hiber |    28 |     1 ||    29
    Use: Scroll            |    11 |       ||    11
         Potion            |     1 |       ||     1
   Stab: Sleeping          |    16 |     1 ||    17
 Armour: Robe              |    17 |       ||    17
  Dodge: Dodged            |   106 |     2 ||   108

Table legend: (Time is in decaauts)
 A = Elapsed time spent in this place.
 B = Non-inter-level travel time spent in this place.
 C = Inter-level travel time spent in this place.
 D = Time resting spent in this place.
 E = Time spent auto-exploring this place.
 F = Levels seen in this place.
 G = Mean time per level.
                   A        B        C        D        E       F      G
               +--------+--------+--------+--------+--------+-----+--------+
         Total |   1901 |   1864 |     37 |      0 |   1316 |   3 |  633.7 |
       Dungeon |   1901 |   1864 |     37 |      0 |   1316 |   3 |  633.7 |
               +--------+--------+--------+--------+--------+-----+--------+

Top non-repeatable levels by time:
     D:2: 866 daAuts
     D:1: 728 daAuts
     D:3: 306 daAuts
